 Dungeon Crawl Stone Soup version 0.25-a0-705-ge9988fc0fb (webtiles) character file.

Game seed: 11993461114563783770, levelgen mode: deterministic

2646 Brecoman the Ruffian (level 9, 0/78 HPs)
             Began as a White Draconian Transmuter on Apr 4, 2020.
             Was a Follower of Wu Jian.
             Splashed by Psyche's acid (11 damage)
             ... on level 8 of the Dungeon.
             The game lasted 00:38:31 (8876 turns).

Brecoman the Ruffian (White Draconian Transmuter)   Turns: 8876, Time: 00:38:32

Health: 0/78       AC: 10    Str: 19    XL:     9   Next: 36%
Magic:  17/17      EV: 12    Int: 17    God:    Wu Jian [*.....]
Gold:   481        SH:  0    Dex: 11    Spells: 12/19 levels left

rFire    . . .     SeeInvis +     - Unarmed
rCold    + . .     Gourm    .   (no shield)
rNeg     . . .     Faith    .   (armour unavailable)
rPois    .         Spirit   .   j - +2 hat
rElec    .         Reflect  .   a - scarf {cloud immunity}
rCorr    .         Harm     .   v - +1 pair of gloves
MR       .....                  r - +2 pair of boots
Stlth    +.........             (no amulet)
HPRegen  0.23/turn              D - ring of see invisible
MPRegen  0.15/turn              d - +6 ring of strength

@: corroded
A: breathe frost, unfitting armour, cold resistance 1, cold-blooded, AC +7
a: Breathe Frost, Renounce Religion


You were on level 8 of the Dungeon.
You worshipped Wu Jian.
Wu Jian was aware of your devotion.
You were near starving.

You visited 2 branches of the dungeon, and saw 9 of its levels.
You also visited: Bailey.

You collected 481 gold pieces.

Inventory:

Hand Weapons
 y - a +2 whip of electrocution
Missiles
 g - 142 stones (quivered)
 o - 80 arrows
Armour
 a - a scarf of cloud immunity (worn)
 j - a +2 hat (worn)
 r - a +2 pair of boots (worn)
 v - a +1 pair of gloves (worn)
Magical Staves
 t - an uncursed staff of conjuration
Jewellery
 d - a +6 ring of strength (right hand)
 e - an uncursed amulet of faith
 n - a +2 ring of dexterity
 u - an uncursed ring of protection from magic
 D - a ring of see invisible (left hand)
Wands
 s - a wand of enslavement (10)
 x - a wand of polymorph (10)
Scrolls
 b - 9 scrolls of remove curse
 i - 3 scrolls of identify
 q - 3 scrolls of teleportation
Potions
 f - 4 potions of lignification
 k - a potion of cancellation
 l - 3 potions of flight
 p - 8 potions of curing
 z - a potion of mutation
 A - 3 potions of stabbing
 C - 2 potions of degeneration
 E - 2 potions of heal wounds
Comestibles
 c - 8 rations


   Skills:
 + Level 6.5 Fighting
 - Level 1.7 Dodging
 + Level 6.6 Unarmed Combat
 + Level 5.7 Spellcasting
 + Level 6.2 Transmutations
 + Level 5.3 Ice Magic


You had 12 spell levels left.
You knew the following spells:

 Your Spells              Type           Power        Failure   Level  Hunger
a - Beastly Appendage     Tmut           ####..       1%          1    None
b - Sticks to Snakes      Tmut           ####....     1%          2    #......
c - Ice Form              Ice/Tmut       ###.....     12%         4    ####...

Your spell library contained the following spells:

 Spells                   Type           Power        Failure   Level  Hunger
 Spider Form              Tmut/Pois      ###.......   11%         3    ##.....
 Animate Skeleton         Necr           N/A          13%         1    None
 Apportation              Tloc           #.....       13%         1    None
 Corona                   Hex            #......      13%         1    None
 Magic Dart               Conj           #...         13%         1    None
 Summon Small Mammal      Summ           #...         13%         1    None
 Blink                    Tloc           N/A          21%         2    #......
 Call Imp                 Summ           #.......     21%         2    #......
 Slow                     Hex            #.......     21%         2    #......
 Blade Hands              Tmut           ####......   28%         5    ######.
 Conjure Flame            Conj/Fire      #.......     36%         3    ##.....
 Mephitic Cloud           Conj/Pois/Air  #.......     36%         3    ##.....


Dungeon Overview and Level Annotations

Branches:
Dungeon (8/15)             Temple (1/1) D:5          Bailey (visited)
   Lair: D:8-11

Altars:
Cheibriados
Elyvilon
Hepliaklqana
Kikubaaqudgha
Qazlal
Ru
Trog
Uskayaw
Wu Jian
Yredelemnul

Annotations:
D:3 Grinder
D:6 3 runed translucent doors, Conn's ghost, novice OpWz
D:7 2 transporters, KiliKikkendorf's ghost, novice HOFi
D:8 Harold; Psyche


Innate Abilities, Weirdness & Mutations

You can breathe waves of freezing cold.
You can buffet flying creatures when you breathe cold.
Your icy white scales are hard. (AC +7)
You cannot fit into any form of body armour.
Your flesh is cold resistant. (rC+)
You are cold-blooded and may be slowed by cold attacks.


Message History

The hound zombie bites you but does no damage.
Harold says, "Do you have any idea what people are willing to pay to have you killed, Brecoman?"
The hound zombie bites you but does no damage.
Your transformation is almost over.
You are no longer corroded.
The hound zombie bites you but does no damage.
Psyche casts a spell at you. The puff of flame hits you!
Harold says, "Let's make it quick, okay?
I've got mouths to feed."
Psyche miscasts a cantrip.
Your horns disappear.
Psyche zaps a wand.
The bolt of acid hits you. The acid corrodes you!
You are splashed with acid!
* * * LOW HITPOINT WARNING * * *
Psyche casts a spell at you.
The puff of flame hits you but does no damage.
Psyche zaps a wand.
The bolt of acid misses you.
Psyche zaps a wand.
The bolt of acid hits you.
* * * LOW HITPOINT WARNING * * *
You are splashed with acid!
You die...

#.#####.≈≈≈)≈≈≈..# #.#
#..........# #.#
##.....###.# #####.#
#.##..# #.# ......#
#.##..# #.# #.##..#
#.##..# #.# #.##..#
#.##..###.# #.##..#
#.........# #.##..#
##.@###.#
#.##..####### #......#
#.........Z.###.###..#
####......#@.Z@.###..#
#.##......[.......#
#.##############.##
#.# #.#
#.##############.#
#.....(..........#


You could see Psyche (invisible).

Vanquished Creatures
  Pikel (D:6)
  Prince Ribbit (D:5)
  Menkaure (D:7)
  2 orc warriors
  2 ice beasts
  A slave (D:7)
  A black bear (D:7)
  3 sky beasts
  An ogre (D:7)
  3 centaurs
  3 scorpions
  A howler monkey (D:4)
  A crimson imp (D:5)
  A centaur zombie (D:6)
  3 hounds
  2 bullfrog skeletons (D:5)
  3 orc priests
  A jelly (D:7)
  An iguana (D:4)
  4 worker ants
  A hound skeleton (D:6)
  2 gnolls
  7 adders
  An ooze (D:2)
  An adder zombie (D:5)
  3 dart slugs
  3 leopard geckos
  19 orcs
  6 bats
  4 giant cockroaches
  10 goblins
  8 hobgoblins
  8 jackals
  5 quokkas
  A ball python (D:2)
  5 frilled lizards
  14 kobolds
  A quokka skeleton (D:7)
  6 rats
141 creatures vanquished.

Vanquished Creatures (collateral kills)
  A crimson imp (D:5)
  Jessica (D:3)
  A worker ant (D:7)
  An adder (D:3)
  An orc (D:3)
  A goblin (Bailey)
  2 rats (D:3)
8 creatures vanquished.

Vanquished Creatures (others)
  A hungry ghost (D:7)
  2 slaves (D:7)
  A howler monkey (D:7)
  2 orcs (D:7)
  6 plants (D:7)
12 creatures vanquished.

Grand Total: 161 creatures vanquished

Notes
Turn   | Place    | Note
-------+----------+-------------------------------------------
     0 | D:1      | Brecoman the Draconian Transmuter began the quest for the
                  | Orb.
     0 | D:1      | Reached XP level 1. HP: 16/16 MP: 3/3
    97 | D:1      | Reached XP level 2. HP: 14/23 MP: 3/5
   228 | D:1      | Learned a level 2 spell: Sticks to Snakes
   580 | D:1      | Reached XP level 3. HP: 28/29 MP: 4/6
  1492 | D:3      | Reached XP level 4. HP: 36/36 MP: 5/7
  1700 | D:3      | Noticed Jessica
  1735 | D:3      | Killed Jessica
  2197 | D:3      | Noticed Grinder
  2213 | D:3      | Paralysed by Grinder for 5 turns
  2504 | D:3      | Learned a level 4 spell: Ice Form
  2880 | D:3      | Reached XP level 5. HP: 44/44 MP: 7/9
  3020 | D:4      | Noticed an ogre
  3050 | D:3      | Paralysed by Grinder for 6 turns
  4125 | D:4      | Reached XP level 6. HP: 51/51 MP: 8/10
  4512 | D:5      | Entered Level 5 of the Dungeon
  4565 | D:5      | Found a staircase to the Ecumenical Temple.
  4577 | Temple   | Entered the Ecumenical Temple
  4627 | Temple   | Became a worshipper of the Wu Jian Council
  4815 | D:5      | Noticed a sky beast
  4829 | D:5      | Killed a sky beast
  4848 | D:5      | Your scales start taking on an icy white colour.
  4848 | D:5      | Reached XP level 7. HP: 58/59 MP: 10/12
  4848 | D:5      | Gained mutation: Your flesh is cold resistant. (rC+) [White
                  | Draconian growth]
  4908 | D:5      | Noticed Prince Ribbit
  5143 | D:5      | Found a white marble altar of Elyvilon.
  5163 | D:5      | Killed Prince Ribbit
  5163 | D:5      | Reached skill level 5 in Unarmed Combat
  5163 | D:5      | Reached skill level 1 in Ice Magic
  5354 | D:6      | Found a runed translucent gate.
  5354 | D:6      | Noticed Conn's ghost (novice OpWz)
  5355 | D:6      | Found a runed translucent gate.
  5355 | D:6      | Found a runed translucent gate.
  5355 | D:6      | Noticed a shadow
  5484 | D:6      | Reached XP level 8. HP: 35/67 MP: 14/14
  5754 | D:6      | Reached skill level 5 in Fighting
  5791 | D:6      | Reached skill level 5 in Transmutations
  5979 | D:6      | Found a stormy altar of Qazlal.
  5996 | D:6      | Reached * piety under Wu Jian
  6209 | D:7      | Noticed Pikel
  6236 | D:6      | Killed Pikel
  6236 | D:6      | Reached skill level 5 in Spellcasting
  6794 | D:7      | Found a transporter.
  6804 | D:7      | Found a transporter.
  6810 | D:7      | Noticed KiliKikkendorf's ghost (novice HOFi)
  6867 | D:7      | Reached XP level 9. HP: 60/75 MP: 14/17
  6933 | D:7      | Noticed Menkaure
  7666 | D:7      | Reached skill level 5 in Ice Magic
  7878 | D:7      | Killed Menkaure
  8237 | D:8      | Found a flagged portal.
  8257 | Bailey   | Entered a bailey
  8511 | Bailey   | Noticed an orc knight
  8511 | Bailey   | Noticed an orc knight
  8839 | D:8      | Noticed Harold
  8843 | D:8      | Noticed Psyche
  8876 | D:8      | Splashed by Psyche's acid

Levels and vault maps discovered:
D:1:      dpeg_arrival_round_b, layout_loops_cross
D:2:      layout_basic, minmay_pentomino_p2
D:3:      layout_basic, uniq_jessica, uniq_grinder
D:4:      layout_gridville
D:5:      layout_rooms, kennysheep_little_box, minmay_temple_entry_offerings,
          first_ration, uniq_prince_ribbit1
D:6:      layout_loops_ring, gammafunk_ghost_split,
          nicolae_qazlal_eye_of_the_storm
D:7:      layout_loops_ring, gammafunk_ghost_gnarly_gnolls, uniq_menkaure,
          uniq_pikel
D:8:      layout_loops_ring, enter_bailey_3, basic_altar, the_bakery,
          uniq_psyche, uniq_harold, uniq_maurice
Temple:   roderic_octagonal_lattice_temple

Skill      XL: |  1  2  3  4  5  6  7  8  9 |
---------------+----------------------------+-----
Fighting       | 2 3 4 6 |  6.5
Transmutations | 3 4 5 6 |  6.2
Spellcasting   | 3 4 5 |  5.7
Unarmed Combat | 4 5 6 |  6.6
Ice Magic      | 2 4 5 |  5.3
Dodging        | |  1.7

Action                   |  1- 3 |  4- 6 |  7- 9 || total
-------------------------+-------+-------+-------++-------
Melee: Unarmed           |   139 |   161 |   257 ||   557
       Kick              |    12 |       |       ||    12
       Tailslap          |    11 |    18 |    43 ||    72
       Punch             |     3 |     3 |     3 ||     9
       Headbutt          |    12 |    19 |    54 ||    85
Throw: Stone             |       |     1 |    47 ||    48
 Cast: Beastly Appendage |    29 |    24 |    32 ||    85
       Sticks to Snakes  |     1 |    12 |    14 ||    27
       Ice Form          |       |       |     1 ||     1
Invok: Lunge             |       |     1 |    18 ||    19
       Whirlwind         |       |       |     2 ||     2
 Abil: Breathe Frost     |       |       |     3 ||     3
  Use: Scroll            |       |    11 |     7 ||    18
 Stab: Sleeping          |     1 |       |     1 ||     2
       Distracted        |       |       |     1 ||     1
  Eat: Chunk             |     2 |     4 |     3 ||     9
       Ration            |       |     2 |     3 ||     5
Armor: Skin              |    50 |    43 |   130 ||   223
Dodge: Dodged            |    91 |   104 |   213 ||   408

Table legend:
 A = Non-vault XP
 B = Vault XP
 C = Vault XP percentage of total XP
 D = Non-vault monster count
 E = Vault monster count
 F = Vault count percentage of total count
                 A         B        C        D         E       F
            +---------+---------+-------+---------+---------+-------
      Total |    2604 |    1177 |  31.1 |     132 |      16 |  10.8
            +---------+---------+-------+---------+---------+-------
        D:1 |      59 |       0 |   0.0 |      26 |       0 |   0.0
        D:2 |      36 |       1 |   2.7 |      18 |       1 |   5.3
        D:3 |      83 |      25 |  23.1 |      20 |       1 |   4.8
        D:4 |     282 |       0 |   0.0 |      16 |       0 |   0.0
        D:5 |     403 |     257 |  38.9 |       9 |       1 |  10.0
        D:6 |     852 |     575 |  40.3 |      23 |       1 |   4.2
        D:7 |     889 |     169 |  16.0 |      20 |       1 |   4.8
        D:8 |       0 |       8 | 100.0 |       0 |       4 | 100.0
     Bailey |       0 |     142 | 100.0 |       0 |       7 | 100.0
            +---------+---------+-------+---------+---------+-------
